 Dungeon Crawl Stone Soup version 0.19.0-11-g3fc08b3 (webtiles) character file.

5446 dobroeutro the Cleaver (level 10, -1/148 HPs)
             Began as a Minotaur Berserker on Nov 9, 2016.
             Was an Elder of Trog.
             Slain by a yak (16 damage)
             ... on level 8 of the Dungeon.
             The game lasted 00:08:52 (5565 turns).

dobroeutro the Cleaver (Minotaur Berserker)         Turns: 5565, Time: 00:08:53

Health: -1/148     AC:  9    Str: 31    XL:     10   Next: 41%
Magic:  8/8        EV: 15    Int:  4    God:    Trog [****..]
Gold:   532        SH:  0    Dex: 11    Spells: 0 memorised, 9 levels left

rFire  . . .     SeeInvis .     H - +2 hand axe (elec)
rCold  . . .     Gourm    .     y - +1 robe of Idukhloeh {rElec rN+} (curse)
rNeg   + + .     Faith    .     (no shield)
rPois  .         Spirit   .     (helmet restricted)
rElec  +         Reflect  .     o - +0 cloak {+Inv}
rCorr  +         Harm     .     C - +1 pair of gloves
MR     .....     Rnd*Rage +     (no boots)
Stlth  ..........               (no amulet)
                                l - ring of resist corrosion
                                n - ring of positive energy

@: berserking, very quick
A: retaliatory headbutt, horns 2, icy blue scales 1, berserk 1, deformed body,
low mp 1, regeneration 1, robust 1, shaggy fur 1, strong 1
a: Berserk, Trog's Hand, Brothers in Arms, Burn Spellbooks, Renounce Religion,
Evoke Invisibility


You were on level 8 of the Dungeon.
You worshipped Trog.
Trog was greatly pleased with you.
You were very hungry.

You visited 1 branch of the dungeon, and saw 8 of its levels.

You collected 532 gold pieces.

Inventory:

Hand Weapons
 m - a +0 war axe
 H - a +2 hand axe of electrocution (weapon)
Armour
 o - a +0 cloak of invisibility (worn)
 t - a +0 ring mail
 y - the cursed +1 robe of Idukhloeh (worn) {rElec rN+}
   (You found it on level 4 of the Dungeon)

   It insulates you from electricity.
   It protects you from negative energy.
   It has a curse placed upon it.
 C - a +1 pair of gloves (worn)
Jewellery
 l - a ring of resist corrosion (right hand)
 n - a ring of positive energy (left hand)
Wands
 E - a wand of polymorph (8/24)
 I - a wand of random effects (23/48)
Scrolls
 a - a scroll of immolation {unknown}
 b - 3 scrolls of teleportation {unknown}
 e - a scroll of enchant weapon {unknown}
 f - 8 scrolls of identify
 h - 2 scrolls of random uselessness {unknown}
 p - a scroll of fog {unknown}
 q - a scroll of remove curse
 r - a scroll of fear {unknown}
 u - a scroll of blinking {unknown}
 v - a scroll of magic mapping {unknown}
 A - 2 scrolls of amnesia {unknown}
Potions
 g - 4 potions of curing {unknown}
 i - 2 potions of lignification
 k - a potion of flight
 w - 2 potions of heal wounds {unknown}
 z - a potion of invisibility {unknown}
 B - a potion of agility {unknown}
 D - a potion of haste {unknown}
 F - a potion of berserk rage {unknown}
 G - a potion of magic {unknown}
Comestibles
 c - 10 bread rations
 d - 2 royal jellies
 j - 2 meat rations
 s - 7 beef jerkies
 x - 2 slices of pizza
 J - a chunk of flesh


   Skills:
 + Level 8.4 Fighting
 + Level 13.3 Axes
 + Level 7.8 Armour
 + Level 7.1 Dodging


You had 9 spell levels left.
You didn't know any spells.

Dungeon Overview and Level Annotations

Branches:
Dungeon (8/15)             Temple (0/1) D:5
   Lair: D:8-11

Altars:
Elyvilon
Gozag
Qazlal
Uskayaw
Zin
The Shining One


Innate Abilities, Weirdness & Mutations

You reflexively headbutt those who attack you in melee.
You have a pair of horns on your head.
You are partially covered in icy blue scales. (AC +2)
You tend to lose your temper in combat.
Armour fits poorly on your strangely shaped body.
Your magical capacity is low. (-10% MP)
Your natural rate of healing is unusually fast.
You are robust. (+10% HP)
You are covered in fur. (AC +1)
Your muscles are strong. (Str +2)


Message History

The porcupine bites you!
* * * LOW HITPOINT WARNING * * *
The yak gores you but does no damage. The yak gores you.
* * * LOW HITPOINT WARNING * * *
The yak gores you!
* * * LOW HITPOINT WARNING * * *
The crocodile bites the plant!
The porcupine bites you. The yak gores you.
* * * LOW HITPOINT WARNING * * *
The yak gores you.
* * * LOW HITPOINT WARNING * * *
The yak gores you.
The crocodile bites the plant!
The porcupine bites you!
* * * LOW HITPOINT WARNING * * *
You turn to flesh and can move again.
You are too berserk!
You hit the porcupine.
The porcupine is moderately wounded.
You hit the yak. You slash the yak!
There is a sudden explosion of sparks!
You barely miss the yak. The yak gores you!
You die...

..##..##......>##...##
...#...........##...####
...+.................#..
+###...#...##...........
..##...######...........
..####.# #...##.......
...#...# #...##Yt...♣P
####..># #....YYr..r..
..##...# #....@rY♣.♣.
..##..## ##..##YrltP..
..##..## #### #rP..[.
..##...# r..... ..##...#
#.... .......# #...
.......# #P. .......# ##
########


You could see 5 yaks, a basilisk, 2 crocodiles, 2 porcupines and 4 river rats.

Vanquished Creatures
  The ghost of emikaela the Shooter, a novice DEHu of Hepliaklqana (D:3)
  Grinder (D:6)
  A hippogriff (D:7)
  3 yaks (D:8)
  A hungry ghost (D:7)
  3 basilisks (D:8)
  2 porcupines (D:8)
  2 orc warriors
  A water moccasin (D:6)
  A black bear (D:7)
  2 ice beasts
  3 phantoms
  2 sky beasts (D:6)
  5 ogres
  A necrophage (D:3)
  3 crocodiles (D:8)
  3 centaurs (D:5)
  6 bullfrogs
  The ghost of SaltIsReal the Scratcher, an amateur FeAK of Lugonu (D:4)
  A wyvern skeleton (D:8)
  2 scorpions (D:4)
  A killer bee (D:8)
  A howler monkey (D:7)
  3 crimson imps
  5 hounds
  6 orc priests
  Crazy Yiuf (D:2)
  2 centaur skeletons
  4 orc wizards
  A bullfrog skeleton (D:8)
  4 worker ants
  A killer bee zombie (D:7)
  A hound zombie (D:8)
  A hound skeleton (D:5)
  4 gnolls (D:6)
  A worker ant zombie (D:5)
  7 adders
  2 river rats (D:8)
  2 shadow imps (D:6)
  An adder skeleton (D:5)
  5 worms
  2 dart slugs (D:1)
  4 leopard geckos
  11 orcs
  6 giant cockroaches
  8 hobgoblins
  4 jackals (D:7)
  2 quokkas
  4 bats
  A frilled lizard (D:2)
  6 goblins
  4 kobolds
  2 leopard gecko skeletons
  A quokka skeleton (D:4)
  6 rats
  A fungus (D:2)
160 creatures vanquished.

Vanquished Creatures (others)
  A plant (D:8)
1 creature vanquished.

Grand Total: 161 creatures vanquished

Notes
Turn   | Place    | Note
-------+----------+-------------------------------------------
     0 | D:1      | dobroeutro the Minotaur Berserker began the quest for the Orb.
     0 | D:1      | Reached XP level 1. HP: 19/19 MP: 0/0
    86 | D:1      | Reached skill level 4 in Axes
   504 | D:1      | Reached XP level 2. HP: 26/26 MP: 1/1
   779 | D:2      | Reached skill level 5 in Axes
   800 | D:2      | Found a glowing golden altar of the Shining One.
   834 | D:2      | Reached XP level 3. HP: 28/31 MP: 2/2
  1191 | D:2      | Reached ** piety under Trog
  1368 | D:2      | Reached skill level 6 in Axes
  1368 | D:2      | Reached XP level 4. HP: 20/39 MP: 3/3
  1627 | D:2      | Found a runed door.
  1632 | D:2      | Noticed Crazy Yiuf
  1636 | D:2      | Killed Crazy Yiuf
  1758 | D:3      | Reached skill level 7 in Axes
  1758 | D:3      | Reached XP level 5. HP: 39/45 MP: 4/4
  1874 | D:3      | Noticed emikaela's ghost (novice DEHu)
  1880 | D:3      | Killed emikaela's ghost
  1880 | D:3      | Reached skill level 8 in Axes
  1880 | D:3      | Reached XP level 6. HP: 51/51 MP: 5/5
  1908 | D:3      | Gained mutation: Your natural rate of healing is unusually fast. [potion of mutation]
  1908 | D:3      | Gained mutation: You are robust. (+10% HP) [potion of mutation]
  1908 | D:3      | Gained mutation: Armour fits poorly on your strangely shaped body. [potion of mutation]
  1910 | D:3      | Gained mutation: You are partially covered in icy blue scales. (AC +2) [potion of mutation]
  1910 | D:3      | Gained mutation: Your body sometimes deteriorates upon taking damage. [potion of mutation]
  1910 | D:3      | Gained mutation: Your muscles are strong. (Str +2) [potion of mutation]
  2053 | D:3      | Reached skill level 9 in Axes
  2138 | D:3      | Found a stormy altar of Qazlal.
  2138 | D:3      | Found an opulent altar of Gozag.
  2184 | D:4      | Noticed SaltIsReal's ghost (amateur FeAK)
  2192 | D:4      | Reached XP level 7. HP: 59/62 MP: 6/6
  2198 | D:4      | Killed SaltIsReal's ghost
  2199 | D:4      | Reached skill level 10 in Axes
  2397 | D:4      | Reached skill level 11 in Axes
  2591 | D:4      | Reached XP level 8. HP: 72/72 MP: 7/7
  2617 | D:4      | Reached *** piety under Trog
  2828 | D:4      | Got a creamy pearl robe
  2839 | D:4      | Identified the cursed +1 robe of Idukhloeh {rElec rN+} (You found it on level 4 of the Dungeon)
  2886 | D:5      | Entered Level 5 of the Dungeon
  3394 | D:5      | Found a staircase to the Ecumenical Temple.
  3504 | D:5      | Found a white marble altar of Elyvilon.
  3504 | D:5      | Found a hide-covered altar of Uskayaw.
  3504 | D:5      | Found a glowing silver altar of Zin.
  3872 | D:6      | Lost mutation: Your body sometimes deteriorates upon taking damage. [potion of mutation]
  3872 | D:6      | Gained mutation: Your magical capacity is low. (-10% MP) [potion of mutation]
  3889 | D:6      | Reached skill level 5 in Fighting
  3939 | D:6      | Reached skill level 12 in Axes
  4092 | D:6      | Found a glowing silver altar of Zin.
  4108 | D:6      | Reached XP level 9. HP: 64/82 MP: 7/7
  4142 | D:6      | Reached skill level 5 in Armour
  4245 | D:6      | Noticed Grinder
  4249 | D:6      | Killed Grinder
  4329 | D:6      | Gained mutation: You are covered in fur. (AC +1) [mutagenic meat]
  4330 | D:6      | Gained mutation: You tend to lose your temper in combat. [mutagenic meat]
  4521 | D:7      | Reached skill level 5 in Dodging
  5403 | D:8      | Reached XP level 10. HP: 89/94 MP: 8/8
  5406 | D:8      | Reached skill level 13 in Axes
  5428 | D:8      | Reached **** piety under Trog
  5565 | D:8      | Slain by a yak

Skill      XL: |  1  2  3  4  5  6  7  8  9 10 |
---------------+-------------------------------+-----
Axes           | 4 5 6 7 8 9 11 12 13 | 13.3
Fighting       | 5 7 8 |  8.4
Armour         | 4 7 |  7.8
Dodging        | 4 6 7 |  7.1

Action                   |  1- 3 |  4- 6 |  7- 9 | 10-12 || total
-------------------------+-------+-------+-------+-------++-------
Melee: Hand axe          |    37 |       |    42 |    54 ||   133
       Headbutt          |     5 |     8 |    40 |     8 ||    61
       War axe           |    30 |    52 |   176 |       ||   258
Invok: Berserk           |       |     3 |     2 |     1 ||     6
  Use: Potion            |       |     2 |     3 |       ||     5
       Scroll            |       |     2 |       |       ||     2
 Stab: Sleeping          |     1 |       |       |       ||     1
  Eat: Chunk             |     1 |     4 |    19 |     1 ||    25
Armor: Animal skin       |    17 |     2 |       |       ||    19
       Ring mail         |       |     4 |    11 |       ||    15
       Skin              |       |       |    31 |       ||    31
       Robe              |       |       |    45 |    13 ||    58
Dodge: Dodged            |    45 |    27 |   107 |    20 ||   199
